 Dungeon Crawl Stone Soup version 0.26-a0-854-gdc81c2f471 (webtiles) character file.

Game seed: 1400628386559638036

207127 rocket00000 the Scorcher (level 18, -2/202 HPs)
             Began as a Red Draconian Conjurer on Nov 20, 2020.
             Was an Elder of Sif Muna.
             Slain by a shock serpent (4 damage)
             ... on level 4 of the Snake Pit on Nov 22, 2020.
             The game lasted 08:41:43 (42556 turns).

rocket00000 the Scorcher (Red Draconian Conjurer)  Turns: 42556, Time: 08:41:44

Health: -2/202     AC: 17    Str: 12    XL:     18   Next: 9%
Magic:  37/46      EV: 20    Int: 28    God:    Sif Muna [****..]
Gold:   3816       SH:  5    Dex: 16    Spells: 1/47 levels left

rFire    + + +     SeeInvis .   O - staff of conjuration
rCold    . . .     Faith    .   t - +0 buckler
rNeg     + + .     Spirit   .   (armour unavailable)
rPois    +         Reflect  .   (helmet restricted)
rElec    +         Harm     .   r - +0 cloak
rCorr    .         Rampage  .   d - +2 pair of gloves {archery}
MR       +....                  B - +2 pair of boots {Fly}
Stlth    ..........             a - amulet "Xomm" {RegenMP rF+ MP+9 Int+4}
HPRegen  0.43/turn              F - ring of Wurghefa {rElec rF+ rN+ Dex+6}
MPRegen  0.55/turn              q - ring "Moifooce" {rPois rN+ Stlth+}

@: berserking, swift, flying, very quick
A: breathe fire, unfitting armour, fire resistance 1, cold-blooded, AC +10
}: 1/15 runes: serpentine
a: Breathe Fire, Channel Magic, Forget Spell, Divine Exegesis, Renounce
Religion, Stop Flying


You were on level 4 of the Snake Pit.
You worshipped Sif Muna.
Sif Muna was greatly pleased with you.
You visited 6 branches of the dungeon, and saw 29 of its levels.
You also visited: Trove, Bailey and Ice Cave.

You collected 4583 gold pieces.
You spent 767 gold pieces at shops.

Inventory:

Hand Weapons
 W - the +6 shillelagh "Devastator" {shatter}
   (You found it on level 3 of the Lair of Beasts)
Missiles
 C - 8 atropa-tipped darts (quivered)
Armour
 d - a +2 pair of gloves of archery (worn)
 r - a +0 cloak (worn)
 t - a +0 buckler (worn)
 B - a +2 pair of boots of flying (worn)
 E - a +0 kite shield of reflection
Magical Staves
 O - an uncursed staff of conjuration (weapon)
Jewellery
 a - the amulet "Xomm" (around neck) {RegenMP rF+ MP+9 Int+4}
   (You found it in a treasure trove)

   [amulet of magic regeneration]

   It increases your magic regeneration.
   It affects your intelligence (+4).
   It protects you from fire.
   It affects your magic capacity (+9).
 c - a cursed +6 ring of intelligence
 q - the ring "Moifooce" (right hand) {rPois rN+ Stlth+}
   (You found it in a treasure trove)

   [ring of stealth]

   It protects you from poison.
   It protects you from negative energy.
   It makes you more stealthy.
 w - the amulet "Ozigit Kyeny" {Spirit rElec}
   (You found it in a treasure trove)

   [amulet of guardian spirit]

   It causes incoming damage to be split between your health and magic.
   It insulates you from electricity.
 x - an uncursed ring of positive energy
 F - the ring of Wurghefa (left hand) {rElec rF+ rN+ Dex+6}
   (You found it in an ice cave)

   [ring of protection from fire]

   It affects your dexterity (+6).
   It protects you from fire.
   It insulates you from electricity.
   It protects you from negative energy.
 K - an uncursed ring of protection from cold
 M - an uncursed ring of resist corrosion
 Q - an uncursed amulet of regeneration
 U - an uncursed ring of protection from cold
Wands
 H - a wand of polymorph (22)
 I - a wand of iceblast (16)
 J - a wand of digging (10)
 R - a wand of paralysis (5)
 S - a wand of disintegration (39)
 T - a wand of acid (15)
Scrolls
 e - 13 scrolls of teleportation
 i - 10 scrolls of enchant armour
 k - 16 scrolls of remove curse
 m - 6 scrolls of fog
 o - 4 scrolls of fear
 p - 2 scrolls of amnesia
 u - 5 scrolls of magic mapping
 v - 2 scrolls of holy word
 A - 3 scrolls of immolation
 D - 3 scrolls of blinking
 P - 6 scrolls of enchant weapon
 Y - 2 scrolls of summoning
 Z - 8 scrolls of identify
Potions
 b - a potion of invisibility
 f - 4 potions of haste
 h - 6 potions of curing
 j - 3 potions of brilliance
 l - a potion of cancellation
 s - 5 potions of heal wounds
 z - 2 potions of resistance
 L - 5 potions of might
 N - a potion of ambrosia
Miscellaneous
 g - a phantom mirror
 n - a lightning rod (4/4)
 y - a phial of floods
 V - a tin of tremorstones (2/2)


   Skills:
 - Level 6.0 Fighting
 - Level 5.8 Axes
 - Level 8.0 Staves
 - Level 0.4 Throwing
 - Level 11.2 Dodging
 - Level 8.0 Stealth
 * Level 4.1 Shields
 + Level 4.0 Unarmed Combat
 + Level 15.0 Spellcasting
 - Level 14.0 Conjurations
 - Level 4.0 Hexes
 + Level 1.1 Summonings
 - Level 3.0 Necromancy
 - Level 1.0 Translocations
 * Level 16.5 Fire Magic
 - Level 1.1 Air Magic
 + Level 6.1 Invocations
 + Level 6.5 Evocations


You had one spell level left.
You knew the following spells:

 Your Spells              Type           Power        Failure   Level
a - Magic Dart            Conj           ####         0%          1
b - Searing Ray           Conj           ######       0%          2
c - Dazzling Flash        Conj/Hex       ######       1%          3
d - Fulminant Prism       Conj/Hex       #######...   1%          4
e - Orb of Destruction    Conj           #######...   6%          7
f - Sticky Flame          Conj/Fire      ########     1%          4
g - Iskenderun's Battles  Conj           #######.     1%          5
h - Fireball              Conj/Fire      ########..   1%          5
i - Swiftness             Air            ####....     2%          2
j - Iskenderun's Mystic   Conj/Tloc      #######.     1%          4
k - Apportation           Tloc           ####..       1%          1
l - Tukima's Dance        Hex            #####...     1%          3
m - Sublimation of Blood  Necr           #####.....   1%          2
n - Summon Small Mammal   Summ           ####         1%          1
o - Blink                 Tloc           N/A          2%          2

Your spell library contained the following spells:

 Spells                   Type           Power        Failure   Level
 Foxfire                  Conj/Fire      ####         0%          1
 Animate Skeleton         Necr           #####.       1%          1
 Corona                   Hex            #####..      1%          1
 Pain                     Necr           ####         1%          1
 Shock                    Conj/Air       ####         1%          1
 Freeze                   Ice            ###.         2%          1
 Sandblast                Erth           ###...       2%          1
 Sting                    Tmut/Pois      ###.         2%          1
 Conjure Flame            Conj/Fire      ########     0%          3
 Corpse Rot               Necr/Air       N/A          1%          2
 Slow                     Hex            #####...     1%          2
 Inner Flame              Hex/Fire       ######..     1%          3
 Mephitic Cloud           Conj/Pois/Air  ######..     1%          3
 Static Discharge         Conj/Air       #######.     1%          3
 Stone Arrow              Conj/Erth      ######       1%          3
 Vampiric Draining        Necr           #####.....   1%          3
 Bolt of Magma            Conj/Fire/Erth #######...   1%          5
 Call Imp                 Summ           ####....     2%          2
 Portal Projectile        Hex/Tloc       #####.       2%          3
 Summon Guardian Golem    Hex/Summ       #####...     2%          3
 Passwall                 Tmut/Erth      ###.....     3%          2
 Irradiate                Conj/Tmut      ######....   3%          5
 Lightning Bolt           Conj/Air       #######...   3%          5
 Lesser Beckoning         Tloc           ####......   4%          3
 Cause Fear               Hex            #####.....   4%          4
 Ozocubu's Armour         Ice            ###.....     7%          3
 Animate Dead             Necr           #####.....   7%          4
 Dispel Undead            Necr           #####...     7%          4
 Leda's Liquefaction      Hex/Erth       ####......   11%         4
 Airstrike                Air            ####......   16%         4
 Summon Lightning Spire   Summ/Air       ####....     16%         4
 Conjure Ball Lightning   Conj/Air       #######...   17%         6
 Summon Ice Beast         Ice/Summ       ###.....     19%         4
 Agony                    Necr           #####...     19%         5
 Excruciating Wounds      Necr           #####.....   19%         5
 Ignition                 Fire           #######...   19%         8
 Iron Shot                Conj/Erth      ######....   21%         6
 Summon Mana Viper        Hex/Summ       #####...     22%         5
 Ice Form                 Ice/Tmut       ###.....     24%         4
 Silence                  Hex/Air        #####.....   24%         5
 Metabolic Englaciation   Hex/Ice        ####......   28%         5
 Borgnjor's Vile Clutch   Necr/Erth      ####......   34%         5
 Summon Forest            Summ/Tloc      ####......   38%         5
 Freezing Cloud           Conj/Ice/Air   ######....   43%         6
 Alistair's Intoxication  Tmut/Pois      ###......    54%         5
 Lee's Rapid Deconstruct  Erth           ###.......   54%         5
 Invisibility             Hex            #####...     56%         6
 Spellforged Servitor     Conj/Summ      #######...   65%         7
 Death Channel            Necr           #####.....   71%         6
 Simulacrum               Ice/Necr       ####......   89%         6
 Shadow Creatures         Summ           N/A          92%         6
 Hydra Form               Tmut           ###.......   98%         6
 Ozocubu's Refrigeration  Ice            ###.......   98%         6
 Statue Form              Tmut/Erth      ###......    98%         6
 Dragon Form              Tmut           ###.......   100%        7
 Haunt                    Necr/Summ      ####......   100%        7
 Summon Greater Demon     Summ           ####......   100%        7
 Borgnjor's Revivificati  Necr           #####.....   100%        8
 Chain Lightning          Conj/Air       #######...   100%        8
 Lehudib's Crystal Spear  Conj/Erth      ######....   100%        8
 Necromutation            Tmut/Necr      ####......   100%        8
 Death's Door             Necr           #####.....   100%        9
 Dragon's Call            Summ           ####......   100%        9
 Shatter                  Erth           ###.......   100%        9


Dungeon Overview and Level Annotations

Branches:
Dungeon (15/15)            Temple (1/1) D:6            Lair (6/6) D:10
 Shoals (1/4) Lair:2        Snake (4/4) Lair:3        Slime (0/5) Lair:6
    Orc (2/2) D:9             Elf (0/3) Orc:2        Vaults (0/5) D:14
 Depths (0/5) D:15         Bailey (visited)           IceCv (visited)

Altars:
Ashenzari
Elyvilon
Kikubaaqudgha
Makhleb
Nemelex Xobeh
Qazlal
Sif Muna
Vehumet
Xom
Yredelemnul
Beogh
Jiyva

Shops:
D:4 *   D:6 [   D:10 *   D:15 (   Orc:2 :*(([   Snake:2 =   Snake:4 }[}}[

Annotations:
Lair:1 3 runed translucent doors, miscthings's ghost, journeyman HOTm
Snake:4 1 transporter, swinepaste's ghost, adept DsAK


Innate Abilities, Weirdness & Mutations

You can breathe blasts of fire.
Your fiery red scales are hard. (AC +10)
You cannot fit into any form of body armour.
Your flesh is heat resistant. (rF+)
You are cold-blooded and may be slowed by cold attacks.


Message History

The shock serpent closely misses you.
The moth of wrath goads the mana viper on!
The mana viper goes berserk!
You block the black mamba's attack. The moth of wrath misses you.
The shock serpent completely misses you.
You hit the shock serpent.
You blast the shock serpent!
The shock serpent is almost dead.
The shock serpent's electric aura discharges, shocking you!
You resist.
* * * LOW HITPOINT WARNING * * *
The black mamba barely misses you. The shock serpent barely misses you.
The black mamba completely misses you. Swinepaste's ghost barely misses you.
The shock serpent closely misses you. The black mamba barely misses you.
You completely miss the shock serpent.
Your tail-slap misses the shock serpent.
The shock serpent is almost dead.
The shock serpent bites you!!
* * * LOW HITPOINT WARNING * * *
The shock serpent shocks you. You resist.
You die...

######..#
#..##.SW...#..##.####.# #
##.#
#.##..S.#..##....#....# #
#.# #.#...#§..#.#.####..∩.#
# #.###.##..##.#$ #.#
#....# #..#..©#.#...#)##.#
#....#
##....##.....#!#..####.....
#.##.#..S#SS=[#©........##
#..#.#.#SWS#.)#.........#
##.#.##.#@Sy.=##........#
#.#..#.Sy#.#..#......###
#.##.#...#.#..#......#
#.##.#©.....S##......#
#..#.###...###.......#
#.#...#####.........####
#...#.......##......'...
##..##########......####
#..# #......#


You could see 2 shock serpents, 2 moths of wrath, a mana viper (berserk), a
guardian serpent, 3 black mambas and swinepaste's ghost (swift).

Vanquished Creatures
  Saint Roka (Orc:2)
  Asterion (Snake:4)
  Agnes (Snake:4)
  Roxanne (Snake:3)
  Donald (Snake:4)
  A frost giant (IceCv)
  9 nagarajas
  The ghost of pablito the Whirler, a journeyman HaHu of Okawaru (Lair:4)
  Azrael (Snake:3)
  A yaktaur captain (D:15)
  A boulder beetle (Lair:2)
  11 hydras
  2 catoblepae (Lair:5)
  15 naga warriors
  13 anacondas
  4 centaur warriors
  2 ogre magi
  A death knight (D:15)
  11 death yaks
  10 two-headed ogres
  An orc high priest (Orc:2)
  Urug (Orc:2)
  2 tengu warriors
  11 naga sharpshooters
  A deep elf knight (D:15)
  Nergalle (D:11)
  7 shock serpents
  A salamander mystic (Snake:1)
  A fire crab (Lair:6)
  3 unseen horrors
  9 sea snakes
  4 naga ritualists
  4 mana vipers
  5 orc knights
  A mana viper (shapeshifter) (D:14)
  4 orc sorcerers
  7 ugly things
  2 deep elf magi
  4 cyclopes
  3 manticores
  5 salamanders
  A centaur zombie (D:15)
  A merfolk siren (Shoals:1)
  6 guardian serpents
  10 elephants
  3 torpor snails
  An ice statue (IceCv)
  37 black mambas
  16 naga magi
  20 cane toads
  3 dancing weapons
  A kobold demonologist (D:12)
  12 komodo dragons
  4 rime drakes
  An efreet (D:15)
  A tengu conjurer (D:14)
  A harpy zombie (D:15)
  2 trolls (Orc:1)
  3 merfolk (Shoals:1)
  17 polar bears
  A wind drake (Lair:2)
  4 tyrant leeches (Lair:6)
  Grinder (D:3)
  A hornet (D:12)
  A snapping turtle (Shoals:1)
  24 blink frogs
  11 slime creatures
  7 dream sheep (Lair:6)
  2 shadows
  2 centaur simulacra (D:14)
  A vampire (D:11)
  2 redbacks (D:15)
  Sigmund (D:4)
  2 wraiths (D:13)
  126 yaks
  12 basilisks
  9 wyverns
  5 fire elementals (Snake:3)
  Edmund (D:4)
  12 vampire mosquitoes
  8 wargs
  50 nagas
  An acid dragon (D:15)
  11 water moccasins
  A hell hound (Snake:3)
  12 ice beasts
  34 orc warriors
  4 black bears
  An eye of draining (D:15)
  4 phantoms
  5 sky beasts
  12 ogres
  32 wolves
  7 centaurs
  Blork the orc (Orc:2)
  A gnoll sergeant (D:6)
  9 big kobolds
  27 bullfrogs
  2 scorpions
  A wyvern skeleton (D:6)
  8 killer bees (D:7)
  9 wights
  A howler monkey (D:10)
  3 electric eels
  A bullfrog zombie (D:12)
  A crimson imp (D:4)
  A quasit (D:5)
  14 jellies
  3 bullfrog skeletons
  5 gnoll shamans (D:6)
  18 orc priests
  7 centaur skeletons
  7 hounds
  3 iguanas
  31 orc wizards
  17 hell rats
  9 worker ants
  A killer bee zombie (D:9)
  A hound skeleton (D:4)
  A worker ant zombie (D:5)
  39 gnolls
  2 howler monkey skeletons
  13 adders
  A shadow imp (D:5)
  A white imp (D:6)
  An ufetubus (D:5)
  12 oozes
  2 adder skeletons
  A worm (D:3)
  3 dart slugs
  4 leopard geckos
  96 orcs
  4 giant cockroaches
  11 goblins
  5 hobgoblins
  21 jackals (D:6)
  4 quokkas
  A ball python (D:3)
  6 bats
  5 frilled lizards
  25 kobolds
  13 rats
1164 creatures vanquished.

Vanquished Creatures (others)
  A polar bear (IceCv)
  A bush (Lair:4)
  35 foxfires
  466 fulminant prisms
  60 fungi
  136 plants
  A withered plant (D:14)
700 creatures vanquished.

Grand Total: 1864 creatures vanquished

Notes
Turn   | Place    | Note
-------+----------+-------------------------------------------
     0 | D:1      | rocket00000 the Draconian Conjurer began the quest for the
                  | Orb.
     0 | D:1      | Reached XP level 1. HP: 14/14 MP: 3/3
   168 | D:1      | Reached XP level 2. HP: 18/20 MP: 0/5
   391 | D:1      | Learned a level 2 spell: Searing Ray
   784 | D:1      | Reached XP level 3. HP: 26/26 MP: 2/6
  1034 | D:2      | Found a basalt altar of Yredelemnul.
  1439 | D:2      | Found a shimmering blue altar of Sif Muna.
  1442 | D:2      | Became a worshipper of Sif Muna the Loreminder
  1743 | D:3      | Reached XP level 4. HP: 33/33 MP: 4/7
  1788 | D:3      | Reached skill level 5 in Conjurations
  2250 | D:3      | Reached skill level 1 in Axes
  2588 | D:3      | Reached XP level 5. HP: 39/39 MP: 4/9
  2709 | D:4      | Noticed Grinder
  2906 | D:4      | Noticed an orc warrior
  2938 | D:4      | Reached skill level 1 in Fighting
  3219 | D:3      | Paralysed by Grinder for 5 turns
  3226 | D:3      | Killed Grinder
  3227 | D:3      | Reached XP level 6. HP: 24/48 MP: 1/11
  3381 | D:3      | Reached * piety under Sif Muna
  3471 | D:4      | Noticed Sigmund
  3476 | D:4      | Killed Sigmund
  3477 | D:4      | Your scales start taking on a fiery red colour.
  3477 | D:4      | Reached XP level 7. HP: 48/55 MP: 6/13
  3477 | D:4      | Gained mutation: Your flesh is heat resistant. (rF+) [Red
                  | Draconian growth]
  3717 | D:4      | Found Leidaps's General Store.
  3785 | D:4      | Bought a potion of degeneration for 14 gold pieces
  3785 | D:4      | Bought a scroll of random uselessness for 14 gold pieces
  3805 | D:4      | Noticed Edmund
  3823 | D:4      | Killed Edmund
  3957 | D:4      | Found a shimmering altar of Xom.
  3960 | D:4      | Found a burning altar of Makhleb.
  4312 | D:5      | Entered Level 5 of the Dungeon
  4427 | D:5      | Reached XP level 8. HP: 63/63 MP: 10/15
  4487 | D:5      | Reached skill level 5 in Spellcasting
  4494 | D:5      | Learned a level 3 spell: Dazzling Flash
  4588 | D:5      | Found a stormy altar of Qazlal.
  5350 | D:5      | Reached ** piety under Sif Muna
  5878 | D:6      | Found Nijoyt's Antique Armour Emporium.
  5900 | D:6      | Reached XP level 9. HP: 60/72 MP: 12/17
  5937 | D:6      | Found a stormy altar of Qazlal.
  6066 | D:6      | Found a staircase to the Ecumenical Temple.
  6109 | D:6      | Reached skill level 1 in Shields
  6329 | D:6      | Reached *** piety under Sif Muna
  6330 | D:6      | Reached skill level 5 in Fighting
  6371 | D:6      | Reached skill level 5 in Axes
  6808 | D:6      | Found an ancient bone altar of Kikubaaqudgha.
  6909 | D:6      | Reached **** piety under Sif Muna
  7190 | D:7      | Found a sparkling altar of Nemelex Xobeh.
  7322 | D:7      | Learned a level 4 spell: Fulminant Prism
  7365 | D:7      | Reached skill level 5 in Dodging
  7845 | D:7      | Learned a level 1 spell: Foxfire
  7942 | D:7      | Reached skill level 1 in Hexes
  8095 | D:7      | Reached skill level 1 in Fire Magic
  8095 | D:7      | Reached XP level 10. HP: 75/83 MP: 11/19
  8169 | D:6      | Learned a level 4 spell: Sticky Flame
  8346 | D:7      | Reached skill level 2 in Fire Magic
  8563 | D:8      | Found a flagged portal.
  8584 | D:8      | Noticed a two-headed ogre
  8598 | D:8      | Killed a two-headed ogre
  8599 | D:8      | Reached skill level 3 in Fire Magic
  8616 | Bailey   | Entered a bailey
  8631 | Bailey   | Reached skill level 5 in Stealth
  8769 | Bailey   | Noticed an orc knight
  8773 | Bailey   | Reached skill level 4 in Fire Magic
  8786 | Bailey   | Killed an orc knight
  9034 | D:8      | Noticed a two-headed ogre
  9123 | D:8      | Killed a two-headed ogre
  9124 | D:8      | Reached skill level 5 in Fire Magic
  9387 | D:9      | Reached ***** piety under Sif Muna
  9395 | D:9      | Received a gift from Sif Muna
  9463 | D:9      | Found a staircase to the Orcish Mines.
  9616 | D:9      | Found a radiant altar of Vehumet.
  9616 | D:9      | Found a white marble altar of Elyvilon.
  9724 | D:9      | Reached XP level 11. HP: 89/89 MP: 21/21
  9840 | D:4      | Bought an uncursed staff of conjuration for 350 gold pieces
 10386 | D:9      | Reached skill level 6 in Fire Magic
 10737 | D:10     | Entered Level 10 of the Dungeon
 10829 | D:10     | Reached skill level 1 in Staves
 10908 | D:10     | Noticed a death yak
 10910 | D:10     | Noticed a death yak
 10911 | D:10     | Noticed a death yak
 10936 | D:9      | Killed a death yak
 11125 | D:10     | Found a staircase to the Lair.
 11151 | D:10     | Noticed a death yak
 11188 | D:10     | Killed a death yak
 11241 | D:10     | Noticed a death yak
 11265 | D:10     | Killed a death yak
 11385 | D:9      | Killed a death yak
 11857 | D:10     | Killed a death yak
 11865 | D:10     | Reached skill level 1 in Evocations
 12078 | D:10     | Found Aquassil's Assorted Antiques.
 12111 | D:10     | Bought a scroll labelled ZIRUNI ARESS for 33 gold pieces
 12338 | Lair:1   | Entered Level 1 of the Lair of Beasts
 12585 | Lair:1   | Found a runed translucent gate.
 12585 | Lair:1   | Found a runed translucent gate.
 12585 | Lair:1   | Found a runed translucent gate.
 12707 | Lair:1   | Identified Sif Muna's Almanac of Doomed Air (Sif Muna
                  | gifted it to you on level 1 of the Lair of Beasts)
 12707 | Lair:1   | Received a gift from Sif Muna
 12756 | Lair:1   | Reached XP level 12. HP: 31/96 MP: 6/23
 13077 | Lair:1   | Noticed miscthings's ghost (journeyman HOTm)
 13082 | Lair:1   | Found a viscous altar of Jiyva.
 13242 | Lair:2   | Noticed a four-headed hydra
 13271 | Lair:1   | Killed a four-headed hydra
 13386 | Lair:2   | Reached skill level 5 in Staves
 13403 | Lair:2   | Noticed a six-headed hydra
 13425 | Lair:1   | Learned a level 5 spell: Iskenderun's Battlesphere
 13431 | Lair:1   | Learned a level 5 spell: Fireball
 13621 | Lair:2   | You fall into a shaft and drop 2 floors!
 13785 | Lair:2   | Found a staircase to the Shoals.
 14150 | Lair:2   | Killed a six-headed hydra
 14335 | Lair:2   | Reached skill level 1 in Unarmed Combat
 15073 | Lair:3   | Noticed a boulder beetle
 15245 | Lair:2   | Killed a boulder beetle
 15383 | Lair:3   | Reached skill level 5 in Evocations
 15437 | Lair:3   | Reached skill level 7 in Fire Magic
 15437 | Lair:3   | Reached XP level 13. HP: 102/102 MP: 16/26
 15457 | Lair:3   | Found a staircase to the Snake Pit.
 15609 | Lair:2   | Upgraded the game from 0.26-a0-850-g97a50ab700 to
                  | 0.26-a0-852-g6321bf7485
 15629 | Lair:3   | Found the +6 shillelagh "Devastator" {shatter}
 15996 | Lair:3   | Identified Sif Muna's Tome of Air and Bewitchment (Sif Muna
                  | gifted it to you on level 3 of the Lair of Beasts)
 15996 | Lair:3   | Received a gift from Sif Muna
 16130 | Lair:4   | Reached skill level 8 in Fire Magic
 16190 | Lair:4   | Reached skill level 10 in Conjurations
 16932 | Lair:4   | Noticed pablito's ghost (journeyman HaHu)
 16934 | Lair:4   | Found a runed translucent door.
 17019 | Lair:4   | Killed pablito's ghost
 17552 | Lair:5   | Reached skill level 10 in Dodging
 17993 | Lair:5   | Reached skill level 9 in Fire Magic
 18569 | Lair:5   | Reached skill level 1 in Invocations
 19126 | Lair:5   | Identified Sif Muna's Incunabulum of the Frostbite and the
                  | Rocks (Sif Muna gifted it to you on level 5 of the Lair of
                  | Beasts)
 19126 | Lair:5   | Received a gift from Sif Muna
 19246 | Lair:5   | Reached XP level 14. HP: 110/110 MP: 11/27
 20054 | Lair:6   | Entered Level 6 of the Lair of Beasts
 20254 | Lair:5   | Reached skill level 10 in Fire Magic
 20257 | Lair:5   | Learned a level 2 spell: Swiftness
 20376 | Lair:6   | Found a staircase to the Slime Pits.
 20378 | Lair:6   | Found a viscous altar of Jiyva.
 20476 | Lair:5   | Learned a level 4 spell: Iskenderun's Mystic Blast
 20806 | Lair:6   | Reached skill level 10 in Spellcasting
 20806 | Lair:6   | Reached skill level 1 in Translocations
 21510 | Lair:6   | Reached skill level 5 in Invocations
 21974 | Lair:6   | Identified Sif Muna's Magic, Part Four (Sif Muna gifted it
                  | to you on level 6 of the Lair of Beasts)
 21974 | Lair:6   | Received a gift from Sif Muna
 22792 | Lair:6   | Found a radiant altar of Vehumet.
 22802 | Lair:6   | Learned a level 1 spell: Apportation
 22806 | Lair:6   | Learned a level 3 spell: Tukima's Dance
 23106 | D:10     | Bought a dented lapis lazuli amulet for 165 gold pieces
 23202 | Orc:1    | Entered Level 1 of the Orcish Mines
 24247 | Orc:2    | Entered Level 2 of the Orcish Mines
 24250 | Orc:2    | Noticed Saint Roka
 24262 | Orc:1    | Identified Sif Muna's Incunabulum of the Dark Frostbite
                  | (Sif Muna gifted it to you on level 1 of the Orcish Mines)
 24262 | Orc:1    | Received a gift from Sif Muna
 24277 | Orc:1    | Learned a level 2 spell: Sublimation of Blood
 24507 | Orc:2    | Reached XP level 15. HP: 96/115 MP: 0/31
 24722 | Orc:2    | Reached skill level 11 in Fire Magic
 24732 | Orc:2    | Noticed Urug
 24957 | Orc:2    | Noticed Blork the orc
 24965 | Orc:2    | Killed Blork the orc
 25287 | Orc:2    | Killed Urug
 25833 | Orc:2    | Found a roughly hewn altar of Beogh.
 25855 | Orc:2    | Reached skill level 1 in Air Magic
 25855 | Orc:2    | Killed Saint Roka
 25856 | Orc:2    | Reached skill level 12 in Fire Magic
 25911 | Orc:2    | Found Qamov's Book Boutique.
 25914 | Orc:2    | Found Qeoll's General Store.
 25954 | Orc:2    | Found Raupn's Antique Armour Boutique.
 25960 | Orc:2    | Found Tigarchun's Antique Weapon Boutique.
 26261 | Orc:2    | Found a staircase to the Elven Halls.
 26381 | Orc:2    | Found Soetih's Weapon Emporium.
 26481 | Orc:2    | Bought a glowing quarterstaff for 161 gold pieces
 27260 | D:11     | Identified Sif Muna's Catalogue of Evil Magic and
                  | Bewitchment (Sif Muna gifted it to you on level 11 of the
                  | Dungeon)
 27260 | D:11     | Received a gift from Sif Muna
 27265 | D:11     | Reached skill level 1 in Necromancy
 27283 | D:11     | Learned a level 1 spell: Summon Small Mammal
 27495 | D:11     | Found a portal to a secret trove of treasure.
 27716 | D:11     | Noticed Nergalle
 27721 | D:11     | Killed Nergalle
 28961 | D:13     | Identified Sif Muna's Tome of Mutagenic Stones (Sif Muna
                  | gifted it to you on level 13 of the Dungeon)
 28961 | D:13     | Received a gift from Sif Muna
 30594 | D:14     | Found a basalt altar of Yredelemnul.
 30640 | D:14     | Reached skill level 1 in Summonings
 30892 | D:14     | Found a gate to the Vaults.
 31724 | Snake:1  | Entered Level 1 of the Snake Pit
 32056 | Snake:1  | Reached XP level 16. HP: 58/122 MP: 19/32
 32292 | D:15     | Entered Level 15 of the Dungeon
 32299 | D:15     | Found a frozen archway.
 32313 | D:15     | Identified Sif Muna's Papyrus of the Entourage and Air (Sif
                  | Muna gifted it to you on level 15 of the Dungeon)
 32313 | D:15     | Received a gift from Sif Muna
 32844 | IceCv    | Entered an ice cave
 33589 | IceCv    | Got a wavering lead ring
 33591 | IceCv    | Identified the ring of Wurghefa {rElec rF+ rN+ Dex+6} (You
                  | found it in an ice cave)
 33620 | IceCv    | Identified the Handbook of Changing and Ignition
 33700 | Trove    | Entered a treasure trove
 33712 | Trove    | Got a pitted sapphire amulet
 33720 | Trove    | Got a twitching bronze ring
 33737 | Trove    | Identified the amulet "Xomm" {RegenMP rF+ MP+9 Int+4} (You
                  | found it in a treasure trove)
 33738 | Trove    | Identified the ring "Moifooce" {rPois rN+ Stlth+} (You
                  | found it in a treasure trove)
 33741 | Trove    | Got a shimmering crystal amulet
 33752 | Trove    | Identified the amulet "Ozigit Kyeny" {Spirit rElec} (You
                  | found it in a treasure trove)
 34050 | D:15     | Found a staircase to the Depths.
 34377 | D:15     | Found Riqynepp's Antique Weapon Boutique.
 34560 | Shoals:1 | Entered Level 1 of the Shoals
 34854 | Lair:2   | Upgraded the game from 0.26-a0-852-g6321bf7485 to
                  | 0.26-a0-854-gdc81c2f471
 36232 | Temple   | Entered the Ecumenical Temple
 36630 | Snake:2  | Got a masterwork spear
 36632 | Snake:2  | Identified the cursed +3 spear of Sin {vorpal, Fragile
                  | rPois Int-5 Stlth+} (You found it on level 2 of the Snake
                  | Pit)
 36857 | Snake:2  | Found Jonkawki's Jewellery Shoppe.
 36863 | Snake:2  | Bought a cursed -4 ring of dexterity for 30 gold pieces
 38099 | Snake:3  | Reached skill level 15 in Spellcasting
 38109 | Snake:2  | Learned a level 7 spell: Orb of Destruction
 38243 | Snake:3  | Identified Roxanne's Collected Works on Earth
 38243 | Snake:3  | Noticed Roxanne
 38279 | Snake:3  | Noticed Azrael
 38464 | Snake:3  | Reached XP level 17. HP: 128/128 MP: 36/36
 38531 | Snake:3  | Killed Azrael
 38641 | Snake:3  | Killed Roxanne
 39377 | Snake:4  | Entered Level 4 of the Snake Pit
 39419 | Snake:4  | Noticed Donald
 39486 | Snake:4  | Found Illilapo's Antique Armour Emporium.
 39723 | Snake:4  | Reached skill level 13 in Fire Magic
 40153 | Snake:4  | Reached skill level 14 in Fire Magic
 40730 | Snake:4  | Reached skill level 15 in Fire Magic
 40731 | Snake:4  | Noticed Agnes
 40739 | Snake:4  | Killed Agnes
 41046 | Snake:4  | Found Nantil's Gadget Shop.
 41210 | Snake:4  | Found Cetisu's Gadget Emporium.
 41222 | Snake:4  | Noticed swinepaste's ghost (adept DsAK)
 41224 | Snake:4  | Found a transporter.
 41229 | Snake:4  | Found a transporter.
 41282 | Snake:4  | Killed Donald
 41283 | Snake:4  | Identified the +8 halberd "Apargh" {venom, Fragile rPois
                  | rN+ Int+2}
 41582 | Snake:4  | Reached skill level 16 in Fire Magic
 41723 | Snake:4  | Noticed Asterion
 41961 | Snake:4  | Killed Asterion
 41962 | Snake:4  | Reached XP level 18. HP: 93/135 MP: 9/37
 42241 | Snake:4  | Got a serpentine rune of Zot
 42273 | Snake:4  | Learned a level 2 spell: Blink
 42353 | Snake:4  | Found Loceph's Armour Shoppe.
 42359 | Snake:4  | Found Jule's Gadget Shop.
 42556 | Snake:4  | HP: 2/202 [shock serpent (21)]
 42556 | Snake:4  | Slain by a shock serpent

Illustrated notes

Levels and vault maps discovered:
D:1:      dpeg_arrival_ratfight, layout_rooms, serial_forest,
          infiniplex_forest_corner_1, infiniplex_forest_fountain,
          infiniplex_forest_zigzag_1, infiniplex_forest_lined_corner,
          infiniplex_forest_clump_double, minmay_pentomino_r2
D:2:      layout_loops_ring, lemuel_blue_sif_altar, general_overflow_altar,
          minmay_misc_feat_rows, minmay_misc_feat_enclosed,
          minmay_misc_feat_more_columns
D:3:      layout_loops_corners
D:4:      layout_basic, grunt_temple_overflow_champion_of_chaos, serial_shops,
          shop, uniq_grinder, uniq_sigmund, uniq_edmund
D:5:      minmay_razor_zed, layout_loops_ring, basic_altar
D:6:      lemuel_castle_with_subvaults [lemuel_castle_interior_carwin_2],
          layout_cave_pools, nicolae_qazlal_eye_of_the_storm,
          minmay_temple_entry_statues_pillars, serial_shops,
          nicolae_shop_statue_plus, basic_altar
D:7:      layout_loops_corners, basic_altar, bh_walls_and_bars
D:8:      layout_rooms, enter_bailey_5
D:9:      lemuel_slime, layout_gridville, gammafunk_temple_overflow_elements,
          erik_orc_3
D:10:     layout_irregular_city, dpeg_lair_monsters, serial_shops,
          nicolae_shop_statue_plus, serial_park_tiny_1,
          hangedman_abyss_or_decor_jellyfish_corner
D:11:     layout_loops_ring, enter_trove_1, uniq_nergalle
D:12:     layout_rooms
D:13:     layout_basic
D:14:     layout_stronghold, erik_vaults_1, yredelemnul_altar_generic, hex_large
D:15:     hangedman_depths_entry_civil_slaughter, layout_cave_pools,
          serial_shops, shop, grunt_decor_clamped,
          portal_ice_cave_entry_ice_beasts
Temple:   eino_wide_crystal_templ
Lair:1:   layout_regular_city, gammafunk_ghost_ooze, lemuel_fruit_tree
Lair:2:   layout_roguey, minmay_shoals_entry_beasts,
          chequers_serial_rivers_micro_d
Lair:3:   layout_hall_layers, guppyfry_snake_entry_island, grunt_megastairs_4
Lair:4:   layout_misc_corridors, hellmonk_ghost_happy_afterlife,
          beast_lair_carwin_2, infiniplex_staircase_pool, grunt_megastairs_3
Lair:5:   layout_cave_pods, special_room [special_room_mythical_zoo]
Lair:6:   minmay_lair_end_frog_pond, layout_gridlike, slime_altar_1,
          basic_altar, lemuel_fruit_fields
Shoals:1: nicolae_shoals_island_circles, layout_shoals, uniq_nikola
Snake:1:  layout_layer_cave, grunt_ministairs_2, serial_bayou_shore_b
Snake:2:  layout_chambers, serial_shops, nicolae_shop_trees
Snake:3:  layout_rooms, serial_bayou_shore_a, uniq_roxanne, uniq_azrael
Snake:4:  grunt_snake_rune_pools, layout_basic,
          gammafunk_ghost_berserking_beasts, serial_shops,
          nicolae_shop_overgrown_old_shop, shop, shop, shop_statue, shop,
          uniq_agnes, uniq_donald, uniq_asterion
Orc:1:    layout_diamond_mine
Orc:2:    grunt_orc_cross, layout_caves, serial_shops,
          nicolae_shop_competitors_out_of_business, statue_in_the_mist_lemuel,
          uniq_urug

Skill      XL: |  1  2  3  4  5  6  7  8  9 10 11 12 13 14 15 16 17 |
---------------+----------------------------------------------------+-----
Stealth        | 2 3 4 5 7 8 |  8.0
Dodging        | 2 3 4 5 6 8 9 10 11 | 11.2
Conjurations   | 5 6 7 9 11 12 13 14 | 14.0
Axes           | 1 2 4 5 |  5.8
Fighting       | 1 2 3 4 6 |  6.0
Spellcasting   | 3 4 5 6 7 9 12 15 | 15.0
Shields        | 2 3 4 |  4.1
Hexes          | 1 2 4 |  4.0
Fire Magic     | 1 5 6 7 9 10 12 16 | 16.5
Staves         | 4 6 8 |  8.0
Evocations     | 2 5 6 |  6.5
Unarmed Combat | 2 4 |  4.0
Invocations    | 2 5 6 |  6.1
Translocations | 1 |  1.0
Air Magic      | 1 |  1.1
Necromancy     | 3 |  3.0
Summonings     | 1 |  1.1
Throwing       | |  0.4

Action                   |  1- 3 |  4- 6 |  7- 9 | 10-12 | 13-15 | 16-18 || total
-------------------------+-------+-------+-------+-------+-------+-------++-------
Melee: Unarmed           |     1 |       |       |       |       |       ||     1
       Club              |    20 |       |       |       |       |       ||    20
       Hand axe          |    29 |    23 |   207 |    76 |       |       ||   335
       Tailslap          |     3 |       |    13 |    37 |    49 |    21 ||   123
       Staff             |       |       |       |   236 |   469 |   238 ||   943
       Shillelagh        |       |       |       |       |     6 |       ||     6
       Quarterstaff      |       |       |       |       |     5 |       ||     5
Throw: Stone             |     4 |       |    10 |    12 |       |       ||    26
       Dart              |       |       |       |       |     4 |       ||     4
 Cast: Magic Dart        |    25 |     5 |       |     2 |     8 |    34 ||    74
       Searing Ray       |    11 |    17 |    51 |    50 |    39 |     8 ||   176
       Foxfire           |       |       |     3 |     7 |    10 |       ||    20
       Sticky Flame      |       |       |       |    45 |   133 |    52 ||   230
       Fulminant Prism   |       |       |       |    22 |   232 |   213 ||   467
       Dazzling Flash    |       |       |       |     5 |     1 |     1 ||     7
       Iskenderun's Batt |       |       |       |     8 |     8 |    96 ||   112
       Fireball          |       |       |       |     7 |    75 |    96 ||   178
       Iskenderun's Myst |       |       |       |       |    10 |     5 ||    15
       Tukima's Dance    |       |       |       |       |    17 |       ||    17
       Sublimation of Bl |       |       |       |       |    33 |    12 ||    45
       Swiftness         |       |       |       |       |     1 |     3 ||     4
       Summon Small Mamm |       |       |       |       |     1 |       ||     1
       Orb of Destructio |       |       |       |       |       |    17 ||    17
Invok: Channel Magic     |       |       |       |       |     1 |       ||     1
       Forget Spell      |       |       |       |       |       |     1 ||     1
 Abil: Breathe Fire      |       |       |    36 |    61 |    68 |    34 ||   199
Evoke: Phantom mirror    |       |       |       |     1 |       |       ||     1
       Wand              |       |       |       |       |     1 |       ||     1
       Phial of floods   |       |       |       |       |       |     1 ||     1
  Use: Scroll            |     7 |     3 |     4 |    10 |     6 |     1 ||    31
       Potion            |       |       |       |     4 |     2 |     1 ||     7
 Stab: Sleeping          |       |     1 |     3 |     5 |       |     1 ||    10
       Distracted        |       |       |     1 |       |     3 |     1 ||     5
       Invisible         |       |       |       |     1 |       |       ||     1
Armor: Skin              |    42 |    23 |    85 |    94 |   157 |   101 ||   502
Dodge: Dodged            |    52 |    24 |   138 |   256 |   443 |   337 ||  1250
Block: Buckler           |       |     4 |    39 |    73 |   144 |    89 ||   349

Table legend: (Time is in decaauts)
 A = Elapsed time spent in this place.
 B = Non-inter-level travel time spent in this place.
 C = Inter-level travel time spent in this place.
 D = Time resting spent in this place.
 E = Time spent auto-exploring this place.
 F = Levels seen in this place.
 G = Mean time per level.
                   A        B        C        D        E       F      G
               +--------+--------+--------+--------+--------+-----+--------+
         Total |  42634 |  39168 |   3466 |  11989 |   7394 |  32 | 1332.3 |
       Dungeon |  19109 |  17362 |   1747 |   3799 |   5187 |  15 | 1273.9 |
        Temple |      8 |      8 |      0 |      0 |      0 |   1 |    8.0 |
          Lair |  11424 |  10227 |   1197 |   3998 |   1057 |   6 | 1904.0 |
        Shoals |     33 |     33 |      0 |      0 |      0 |   1 |   33.0 |
     Snake Pit |   7671 |   7375 |    296 |   2504 |    989 |   4 | 1917.8 |
  Orcish Mines |   3333 |   3110 |    223 |   1379 |    161 |   2 | 1666.5 |
         Trove |    104 |    104 |      0 |      0 |      0 |   1 |  104.0 |
        Bailey |    181 |    181 |      0 |     87 |      0 |   1 |  181.0 |
      Ice Cave |    765 |    765 |      0 |    222 |      0 |   1 |  765.0 |
               +--------+--------+--------+--------+--------+-----+--------+

Top non-repeatable levels by time:
  Lair:5: 3505 daAuts
 Snake:4: 3017 daAuts
    D:14: 2227 daAuts
  Lair:2: 2208 daAuts
   Orc:1: 2206 daAuts
  Lair:6: 1902 daAuts
    D:10: 1763 daAuts
 Snake:2: 1694 daAuts
     D:3: 1641 daAuts
     D:6: 1633 daAuts
 Snake:1: 1623 daAuts
     D:9: 1562 daAuts
  Lair:4: 1536 daAuts
     D:7: 1479 daAuts
     D:5: 1373 daAuts
